 Dungeon Sprint DCSS version 0.30-a0-1116-gebefce21f7 (webtiles) character file.

Game seed: 17464488592410319234

11100000 BigDaddyOpFi the Intangible (level 27, -24/228 HPs)
             Began as a Djinni Warper on Apr 21, 2023.
             Was the Champion of Makhleb.
             Annihilated by a meat berserker
             ... wielding a +9 battleaxe
              (49 damage)
             ... in the Dungeon (Sprint VIII: "Arena of Blood").
             The game lasted 00:03:14 (111 turns).

BigDaddyOpFi the Intangible (Djinni Warper)          Turns: 111, Time: 00:03:14

Health: -24/228    AC:  6    Str: 10    XL:     27
Gold:   0          EV: 36    Int: 17    God:    Makhleb [******] SH:  0 Dex: 25

rFire   + + .      SeeInvis +    h - +∞ Axe of Woe
rCold   x . .      Faith    .    (shield currently unavailable)
rNeg    . . .      Spirit   .    a - +0 leather armour
rPois   ∞          Reflect  .    (no helmet)
rElec   .          Rampage  .    (no cloak)
rCorr   .          NoTele   +    (no gloves)
Will    ++...                    (boots unavailable)
Stlth   ++++++++++               (no amulet)
HPRegen 0.58/turn                i - ring of see invisible
MPRegen 0.00/turn                (no ring)

@: flying
A: sickness immunity, fire resistance 2, cold vulnerability 1, float, innate
caster, HP casting, extra vitality 1
a: Renounce Religion, Minor Destruction, Lesser Servant of Makhleb, Major
Destruction, Greater Servant of Makhleb


You were in the Dungeon.
You worshipped Makhleb.
Makhleb was exalted by your worship.
You visited 1 branch

Inventory:

Hand Weapons
 h - the +∞ Axe of Woe (weapon)
   (You found it in the Dungeon)
Missiles
 c - 6 boomerangs of dispersal (quivered)
Armour
 a - a +0 leather armour (worn)
Jewellery
 i - a ring of see invisible (left hand)
Scrolls
 b - a scroll of blinking
Potions
 d - a potion of curing
 e - a potion of heal wounds
 f - a potion of haste
 g - a potion of berserk rage


   Skills:
 O Level 27 Fighting
 O Level 27 Short Blades
 O Level 27 Long Blades
 O Level 27 Axes
 O Level 27 Maces & Flails
 O Level 27 Polearms
 O Level 27 Staves
 O Level 27 Ranged Weapons
 O Level 27 Throwing
 O Level 27 Armour
 O Level 27 Dodging
 O Level 27 Stealth
 O Level 27 Shields
 O Level 27 Unarmed Combat
 O Level 27 Spellcasting
 O Level 27 Invocations
 O Level 27 Evocations


You knew the following spells:

 Your Spells              Type           Power      Damage    Failure   Level
a - Blink                 Tloc           100%       N/A       0%          2
b - Lesser Beckoning      Tloc           100%       N/A       0%          2
c - Vhi's Electric Charg  Tloc/Air       100%       N/A       0%          3
d - Teleport Other        Tloc           86%        N/A       0%          3
e - Manifold Assault      Tloc           86%        N/A       0%          4
f - Magic Dart            Conj           100%       1d8       0%          1
g - Ensorcelled Hibernat  Hex/Ice        100%       N/A       0%          2
h - Gell's Gravitas       Tloc           86%        N/A       0%          3
i - Airstrike             Air            43%        2d(7-23)  0%          4
j - Fulminant Prism       Conj/Hex       43%        3d19      0%          4
k - Agony                 Necr           86%        N/A       0%          5
l - Summon Cactus Giant   Summ           43%        N/A       0%          6
m - Eringya's Noxious Bo  Tmut/Pois      43%        N/A       0%          6
n - Haunt                 Necr/Summ      43%        N/A       1%          7
o - Maxwell's Capacitive  Air            43%        ∞         1%          8
p - Malign Gateway        Summ/Tloc      43%        N/A       1%          7
q - Ignition              Fire           43%        3d12      1%          8
r - Death's Door          Necr           43%        N/A       2%          9
Your spell library was empty.

Dungeon Overview and Level Annotations

Branches:
Dungeon (1/1)

Altars:
Makhleb


Innate Abilities, Weirdness & Mutations

You are immune to sickness and miasma.
You are immune to poison.
Your flesh is very heat resistant. (rF++)
You are vulnerable to cold. (rC-)
You float through the air rather than walking.
You learn spells naturally, not from books.
Your magical power is your life essence.
You have superior vitality. (+4 MHP)


Message History

The meat berserker convulses! x2; Your body is wracked with pain!
* * * LOW HITPOINT WARNING * * *
The meat berserker convulses!
The scourge convulses!
You hear a shout!
The meat beast is engulfed in blazing flames.
You hear a shout!
You hear a horrible gurgling sound!
Unknown command.
Casting: Vhi's Electric Charge (safe; 0% risk of failure)
Confirm with . or Enter, or press ? or * to list all spells.
Charge where?
Press: ? - help, Dir - move target, f - scourge
Aim: a scourge (heavily wounded, 100% to hit)
You charge forward with an electric crackle!
A destroyer, a meat beast, an accursed and an eight-headed meat hydra come into view.
The destroyer is wielding a +9 heavy great sword.
The destroyer shouts!
The eight-headed meat hydra roars!
You cut the scourge into ribbons and electrocute it!!!
You hew the scourge savagely.
You kill the scourge!
Makhleb accepts your kill.
You feel better.
* * * LOW HITPOINT WARNING * * *
The fleshlord appears out of thin air!
A fleshlord comes into view. It is wielding a +9 great mace.
You hear a shout! x2
The meat berserker is engulfed in blazing flames.
You hear a shout! x2
The destroyer points at you and mumbles some strange words.
The destroyer blinks!
You hear a shout!
The meat beast is engulfed in blazing flames.
You hear a shout!
The eight-headed meat hydra calls on the powers of darkness!
The eight-headed meat hydra convulses!
The bag of meat convulses!
The meat berserker convulses!
Your body is wracked with pain!
* * * LOW HITPOINT WARNING * * *
The eight-headed meat hydra convulses!
The meat berserker convulses!
The fleshlord convulses!
The meat berserker hits you with a +9 battleaxe!!!
You die...

# ......#...))#...).D#.#.
..#........_.)).....G....
..........###.).).D...#.#
o....###......)###.......
O...p..#.).).).#.o...V...
.......#.....).#Go.°°....
D.....M2.).D))§§S.O○W....
.#...Do)).)...§))..#
#.....§...O@OO§§§.#...
.#.......).))2..##..G.
#.....#...V).))#......
..V........))).#...# #
.....##.#....)))......
...........))......o..
####....#.....####...
..............#....
.................


You could see an accursed, 2 meat beasts, 2 eight-headed meat hydras, a
destroyer, an observer (fast, invisible), a scourge, a fleshlord, a large bag of
meat (inner flame), 3 meat berserkers and 3 bags of meat.

Vanquished Creatures
  Sigmund (D)
  6 hell beasts (D)
  3 royal mummies (D)
  4 great orbs of eyes (D)
  2 wraiths (D)
  16 vampire knights (D)
  40 ogres (D)
  7 two-headed ogres (D)
  9 liches (D)
  A hydra (D)
  5 phantoms (D)
  57 orcs (D)
  8 skeletal warriors (D)
  4 sea snakes (D)
163 creatures vanquished.

Vanquished Creatures (others)
  An orc (D)
1 creature vanquished.

Grand Total: 164 creatures vanquished

Notes
Turn   | Place    | Note
-------+----------+-------------------------------------------
     0 | D        | Found the +∞ Axe of Woe
     0 | D        | BigDaddyOpFi the Djinni Warper began the quest for the Orb.
     0 | D        | BigDaddyOpFi set off with the following spells memorised:
                  | Blink, Lesser Beckoning, Vhi's Electric Charge, Teleport
                  | Other, Manifold Assault.
     0 | D        | Reached XP level 1. HP: 18/18 MP: 0/0
     2 | D        | Noticed a bag of meat
     3 | D        | Noticed a bag of meat
     4 | D        | Became a worshipper of Makhleb the Destroyer
     4 | D        | Noticed a bag of meat
     5 | D        | Noticed a bag of meat
     5 | D        | Noticed a bag of meat
     6 | D        | Noticed a bag of meat
     9 | D        | Killed a bag of meat
     9 | D        | Noticed a bag of meat
     9 | D        | Noticed a meat berserker
    10 | D        | Reached skill level 10 in Dodging
    10 | D        | Reached XP level 2. HP: 12/34 MP: 0/0
    10 | D        | Reached XP level 3. HP: 13/39 MP: 0/0
    10 | D        | Learned a level 1 spell: Magic Dart
    10 | D        | Reached XP level 4. HP: 15/45 MP: 0/0
    10 | D        | Reached XP level 5. HP: 17/50 MP: 0/0
    10 | D        | Learned a level 2 spell: Ensorcelled Hibernation
    10 | D        | Reached XP level 6. HP: 19/56 MP: 0/0
    10 | D        | Reached XP level 7. HP: 21/61 MP: 0/0
    10 | D        | Learned a level 3 spell: Gell's Gravitas
    10 | D        | Reached XP level 8. HP: 23/67 MP: 0/0
    10 | D        | Reached XP level 9. HP: 25/72 MP: 0/0
    10 | D        | Learned a level 4 spell: Airstrike
    10 | D        | Reached XP level 10. HP: 27/78 MP: 0/0
    10 | D        | Reached XP level 11. HP: 29/84 MP: 0/0
    10 | D        | Learned a level 4 spell: Fulminant Prism
    10 | D        | Killed a bag of meat
    10 | D        | Reached * piety under Makhleb
    10 | D        | Killed a bag of meat
    10 | D        | Killed a bag of meat
    10 | D        | Killed a bag of meat
    10 | D        | Reached ** piety under Makhleb
    10 | D        | Noticed a bag of meat
    11 | D        | Reached skill level 10 in Axes
    11 | D        | Reached skill level 10 in Throwing
    11 | D        | Reached skill level 10 in Spellcasting
    11 | D        | Reached XP level 12. HP: 83/96 MP: 0/0
    11 | D        | Reached XP level 13. HP: 88/102 MP: 0/0
    11 | D        | Learned a level 5 spell: Agony
    11 | D        | Reached XP level 14. HP: 93/108 MP: 0/0
    11 | D        | Killed a bag of meat
    11 | D        | Killed a meat berserker
    12 | D        | Reached skill level 15 in Dodging
    12 | D        | Reached XP level 15. HP: 117/117 MP: 0/0
    12 | D        | Learned a level 6 spell: Summon Cactus Giant
    13 | D        | Reached *** piety under Makhleb
    14 | D        | Noticed a meat berserker
    15 | D        | Reached skill level 15 in Fighting
    15 | D        | Reached skill level 15 in Armour
    15 | D        | Reached skill level 15 in Unarmed Combat
    15 | D        | Reached skill level 15 in Invocations
    16 | D        | Reached **** piety under Makhleb
    17 | D        | Reached XP level 16. HP: 128/128 MP: 0/0
    17 | D        | Noticed a destroyer
    17 | D        | Noticed a meat berserker
    17 | D        | Noticed a meat berserker
    17 | D        | Killed a meat berserker
    18 | D        | Reached skill level 15 in Stealth
    18 | D        | Noticed a destroyer
    18 | D        | Noticed a large bag of meat
    18 | D        | Noticed a meat berserker
    18 | D        | Killed a meat berserker
    18 | D        | Noticed a meat berserker
    19 | D        | Reached XP level 17. HP: 136/136 MP: 0/0
    19 | D        | Learned a level 6 spell: Eringya's Noxious Bog
    19 | D        | Killed a meat berserker
    19 | D        | Noticed a meat berserker
    20 | D        | Reached skill level 15 in Axes
    20 | D        | Reached skill level 15 in Throwing
    20 | D        | Reached ***** piety under Makhleb
    20 | D        | Noticed a meat berserker
    20 | D        | Noticed a destroyer
    21 | D        | Noticed a destroyer
    21 | D        | Killed a meat berserker
    21 | D        | Noticed a meat berserker
    21 | D        | Noticed a meat berserker
    22 | D        | Reached skill level 15 in Spellcasting
    22 | D        | Reached XP level 18. HP: 149/149 MP: 0/0
    22 | D        | Killed a meat berserker
    22 | D        | Reached ****** piety under Makhleb
    22 | D        | Noticed a meat berserker
    22 | D        | Noticed a destroyer
    23 | D        | Reached XP level 19. HP: 157/157 MP: 0/0
    23 | D        | Learned a level 7 spell: Haunt
    23 | D        | Killed a destroyer
    23 | D        | Killed a large bag of meat
    23 | D        | Noticed a meat berserker
    24 | D        | Reached XP level 20. HP: 150/169 MP: 0/0
    24 | D        | Killed a destroyer
    24 | D        | Noticed a large bag of meat
    25 | D        | Killed a meat berserker
    25 | D        | Killed a meat berserker
    26 | D        | Reached skill level 27 in Dodging
    26 | D        | Reached XP level 21. HP: 180/182 MP: 0/0
    26 | D        | Learned a level 8 spell: Maxwell's Capacitive Coupling
    26 | D        | Killed a meat berserker
    26 | D        | Noticed a destroyer
    27 | D        | Killed a meat berserker
    27 | D        | Killed a meat berserker
    27 | D        | Noticed a meat berserker
    28 | D        | Reached XP level 22. HP: 190/193 MP: 0/0
    28 | D        | Killed a destroyer
    29 | D        | Reached skill level 27 in Fighting
    29 | D        | Reached skill level 27 in Armour
    29 | D        | Reached skill level 27 in Unarmed Combat
    29 | D        | Reached skill level 27 in Invocations
    29 | D        | Noticed a destroyer
    29 | D        | Killed a meat berserker
    29 | D        | Killed a destroyer
    30 | D        | Reached skill level 27 in Stealth
    30 | D        | Reached XP level 23. HP: 197/201 MP: 0/0
    30 | D        | Learned a level 7 spell: Malign Gateway
    31 | D        | Killed a destroyer
    31 | D        | Killed a destroyer
    32 | D        | Reached skill level 27 in Axes
    32 | D        | Reached skill level 27 in Throwing
    32 | D        | Reached skill level 27 in Spellcasting
    32 | D        | Reached XP level 24. HP: 203/208 MP: 0/0
    32 | D        | Killed a large bag of meat
    32 | D        | Noticed a destroyer
    35 | D        | Noticed a destroyer
    37 | D        | Noticed a destroyer
    38 | D        | Killed a destroyer
    39 | D        | Reached XP level 25. HP: 214/214 MP: 0/0
    39 | D        | Learned a level 8 spell: Ignition
    39 | D        | Noticed a destroyer
    39 | D        | Noticed a destroyer
    39 | D        | Killed a destroyer
    41 | D        | Reached skill level 27 in Maces & Flails
    41 | D        | Reached skill level 27 in Polearms
    43 | D        | Noticed a large bag of meat
    43 | D        | Noticed a large bag of meat
    43 | D        | Noticed a destroyer
    43 | D        | Noticed a tyrant
    43 | D        | Killed a destroyer
    43 | D        | Noticed a destroyer
    44 | D        | Reached XP level 26. HP: 221/221 MP: 0/0
    44 | D        | Killed a destroyer
    45 | D        | Reached skill level 27 in Staves
    45 | D        | Reached skill level 10 in Shields
    45 | D        | Reached skill level 10 in Evocations
    45 | D        | Killed a destroyer
    45 | D        | Noticed a tyrant
    45 | D        | Noticed a destroyer
    46 | D        | Noticed a large bag of meat
    46 | D        | Killed a large bag of meat
    46 | D        | Killed a large bag of meat
    47 | D        | Reached skill level 15 in Ranged Weapons
    47 | D        | Reached XP level 27. HP: 150/228 MP: 0/0
    47 | D        | Learned a level 9 spell: Death's Door
    47 | D        | Noticed an accursed
    49 | D        | Killed a large bag of meat
    49 | D        | Noticed a tyrant
    50 | D        | Killed a destroyer
    50 | D        | Noticed an accursed
    54 | D        | Noticed a tyrant
    54 | D        | Killed a tyrant
    54 | D        | Killed a tyrant
    54 | D        | Killed a tyrant
    55 | D        | Reached skill level 27 in Short Blades
    55 | D        | Reached skill level 27 in Long Blades
    55 | D        | Reached skill level 27 in Ranged Weapons
    55 | D        | Reached skill level 27 in Shields
    55 | D        | Reached skill level 27 in Evocations
    55 | D        | Noticed a tyrant
    55 | D        | Killed a destroyer
    55 | D        | Noticed The Captor
    58 | D        | Killed an accursed
    58 | D        | Killed a destroyer
    61 | D        | Killed a destroyer
    61 | D        | Noticed a tyrant
    63 | D        | Killed a tyrant
    64 | D        | Killed an accursed
    69 | D        | Killed a tyrant
    70 | D        | Noticed a dread
    70 | D        | Killed a dread
    73 | D        | Killed a tyrant
    73 | D        | Killed The Captor
    78 | D        | Noticed a meat beast
    78 | D        | Noticed a dread
    81 | D        | Killed a meat beast
    84 | D        | Killed a dread
    84 | D        | Noticed a meat beast
    87 | D        | Killed a meat beast
    88 | D        | Noticed a meat beast
    89 | D        | Noticed an accursed
    90 | D        | Killed an accursed
    93 | D        | Noticed a meat beast
    94 | D        | Killed a meat beast
    94 | D        | Noticed a tyrant
    96 | D        | Noticed a tyrant
    96 | D        | Killed a tyrant
    97 | D        | Killed a meat beast
    97 | D        | Noticed a tyrant
    98 | D        | Noticed a destroyer
   100 | D        | Killed a tyrant
   101 | D        | Killed a tyrant
   104 | D        | Noticed a large bag of meat
   104 | D        | Noticed a large bag of meat
   104 | D        | Killed a destroyer
   104 | D        | Noticed a meat beast
   104 | D        | Noticed a meat beast
   106 | D        | Noticed a large bag of meat
   107 | D        | Killed a meat beast
   107 | D        | Noticed a meat beast
   108 | D        | Killed a meat beast
   108 | D        | Killed a large bag of meat
   108 | D        | Noticed a destroyer
   109 | D        | Killed a large bag of meat
   109 | D        | Noticed a dread
   109 | D        | Noticed a destroyer
   111 | D        | Noticed a destroyer
   111 | D        | Noticed a meat beast
   111 | D        | Noticed an accursed
   111 | D        | Annihilated by a meat berserker

Illustrated notes

Levels and vault maps discovered:
D:        meatsprint

Skill      XL: |  1  2  3  4  5  6  7  8  9 10 11 12 13 14 15 16 17 18 19 20 21 22 23 24 25 26 27 |
---------------+----------------------------------------------------------------------------------+-----
Fighting       | 9 12 14 15 17 19 20 22 25 26 27 | 27.0
Axes           | 7 10 12 13 14 16 17 19 21 23 25 27 | 27.0
Throwing       | 7 10 12 13 14 17 19 21 23 25 27 | 27.0
Armour         | 8 12 14 15 17 19 20 22 25 26 27 | 27.0
Dodging        | 10 13 15 17 18 21 22 24 27 | 27.0
Stealth        | 8 11 13 14 15 18 19 21 23 24 27 | 27.0
Unarmed Combat | 9 12 14 15 17 19 21 22 25 26 27 | 27.0
Spellcasting   | 7 10 11 12 13 15 16 18 20 21 23 27 | 27.0
Invocations    | 8 12 14 15 17 19 20 22 25 26 27 | 27.0
Maces & Flails | 11 24 27 | 27.0
Polearms       | 11 24 27 | 27.0
Staves         | 25 27 | 27.0
Short Blades   | 17 27 | 27.0
Long Blades    | 17 27 | 27.0
Ranged Weapons | 15 27 | 27.0
Shields        | 18 27 | 27.0
Evocations     | 18 27 | 27.0

Action                     |  1- 3 |  4- 6 |  7- 9 | 10-12 | 13-15 | 16-18 | 19-21 | 22-24 | 25-27 || total
---------------------------+-------+-------+-------+-------+-------+-------+-------+-------+-------++-------
  Melee: Executioner's axe |     1 |       |       |     1 |     5 |     6 |     5 |    10 |    62 ||    90
  Throw: Boomerang         |       |       |       |       |       |       |       |       |     1 ||     1
   Cast: Vhi's Electric Ch |       |       |       |       |     1 |     2 |       |     2 |    25 ||    30
         Magic Dart        |       |       |       |       |     1 |       |       |       |       ||     1
    Use: Scroll            |       |       |       |       |       |       |       |       |     1 ||     1
  Dodge: Dodged            |     1 |       |       |       |       |     1 |       |       |    10 ||    12

Table legend: (Time is in decaauts)
 A = Elapsed time spent in this place.
 B = Non-inter-level travel time spent in this place.
 C = Inter-level travel time spent in this place.
 D = Time resting spent in this place.
 E = Time spent auto-exploring this place.
 F = Levels seen in this place.
 G = Mean time per level.
                   A        B        C        D        E       F      G
               +--------+--------+--------+--------+--------+-----+--------+
         Total |    106 |    106 |      0 |      0 |      0 |   1 |  106.0 |
       Dungeon |    106 |    106 |      0 |      0 |      0 |   1 |  106.0 |
               +--------+--------+--------+--------+--------+-----+--------+

Top non-repeatable levels by time:
       D: 106 daAuts
